 Dungeon Crawl Stone Soup version 0.23.2-1-ga50397a (webtiles) character file.

Game seed: 9587119979759015192

51 Iscandelvey the Vexing (level 3, 24/26 HPs)
             Began as a Demonspawn Arcane Marksman on Apr 21, 2019.
             Quit the game on level 2 of the Dungeon.
             The game lasted 00:02:06 (964 turns).

Iscandelvey the Vexing (Demonspawn Arcane Marksman)  Turns: 964, Time: 00:02:06

Health: 24/26      AC:  2    Str: 10    XL:     3   Next: 58%
Magic:  4/6        EV: 13    Int: 15    God:
Gold:   37         SH:  0    Dex: 13    Spells: 5/6 levels left

rFire    . . .     SeeInvis .   e - +0 dagger
rCold    . . .     Gourm    .   (no shield)
rNeg     . . .     Faith    .   a - +0 robe
rPois    .         Spirit   .   (no helmet)
rElec    .         Reflect  .   (no cloak)
rCorr    .         Harm     .   (no gloves)
MR       .....                  (no boots)
Stlth    +.........             (no amulet)
HPRegen  0.08/turn              (no ring)
MPRegen  0.10/turn              (no ring)

@: no status effects
A: claws 1, sturdy frame 1
a: no special abilities


You were on level 2 of the Dungeon.
You were not hungry.

You visited 1 branch of the dungeon, and saw 2 of its levels.

You collected 37 gold pieces.

Inventory:

Hand Weapons
 e - a +0 dagger (weapon)
Missiles
 c - a javelin (quivered)
 d - 2 throwing nets
Armour
 a - a +0 robe (worn)
Jewellery
 b - an uncursed ring of poison resistance {unknown}
 g - an uncursed amulet of the acrobat {unknown}
Scrolls
 h - a scroll of blinking {unknown}
 i - 3 scrolls of identify {unknown}
 m - a scroll of noise {unknown}
Potions
 j - a potion of heal wounds {unknown}
 l - a potion of berserk rage {unknown}
Comestibles
 f - a ration
 k - 2 chunks of flesh


   Skills:
 - Level 1.0 Fighting
 + Level 2.5 Throwing
 + Level 2.5 Dodging
 + Level 2.0 Spellcasting
 - Level 3.0 Hexes


You had 5 spell levels left.
You knew the following spells:

 Your Spells              Type           Power        Failure   Level  Hunger
a - Corona                Hex            ##.....      6%          1    #......

Your spell library contained the following spells:

 Spells                   Type           Power        Failure   Level  Hunger
 Slow                     Hex            ##......     10%         2    ###....
 Inner Flame              Hex/Fire       #.......     34%         3    ###....
 Portal Projectile        Hex/Tloc       #.....       34%         3    ###....
 Cause Fear               Hex            ##........   54%         4    #####..
 Leda's Liquefaction      Hex/Erth       #.........   75%         4    #####..


Dungeon Overview and Level Annotations

Branches:
Dungeon (2/15)

Altars:


Innate Abilities, Weirdness & Mutations

You have sharp fingernails.
Your movements are slightly less encumbered by armour. (ER -2)


Message History

You throw a javelin. The javelin hits Jessica.
Jessica shouts!
Jessica is moderately wounded.
Throwing (i - inventory. (/) - cycle)
c - 3 javelins (quivered)
Press: ? - help, Shift-Dir - straight line, f/p - Jessica
Aim: Jessica, wielding a +0 dagger and wearing a +0 robe (moderately wounded)
You throw a javelin. The javelin hits Jessica.
Jessica is severely wounded.
Throwing (i - inventory. (/) - cycle)
c - 2 javelins (quivered)
Press: ? - help, Shift-Dir - straight line, f/p - Jessica
Aim: Jessica, wielding a +0 dagger and wearing a +0 robe (severely wounded)
You throw a javelin. The javelin hits Jessica!
You kill Jessica!
Your Spellcasting skill increases to level 2!
You have reached level 3!
Your experience leads to an increase in your attributes!
Increase (S)trength, (I)ntelligence, or (D)exterity?
You feel clever.
Your demonic ancestry asserts itself...
Your fingernails lengthen.
Are you sure you want to abandon this character and quit the game? (Confirm with "yes".)

### .... .....
############......
#>........@'.(....
#.##########..((..
#......... .....
#.######## ####
#.# #.# #.# #.#
#.#


There were no monsters in sight!

Vanquished Creatures
  Jessica (D:2)
  A gnoll (D:1)
  2 bats (D:1)
  A giant cockroach (D:1)
  A goblin (D:1)
  3 hobgoblins (D:1)
  A ball python (D:1)
  A frilled lizard (D:1)
  4 kobolds
  2 rats (D:1)
17 creatures vanquished.

Notes
Turn   | Place    | Note
-------+----------+-------------------------------------------
     0 | D:1      | Iscandelvey the Demonspawn Arcane Marksman began the quest
                  | for the Orb.
     0 | D:1      | Reached XP level 1. HP: 15/15 MP: 2/2
   166 | D:1      | Gained mutation: Your movements are slightly less
                  | encumbered by armour. (ER -2) [demonic ancestry]
   166 | D:1      | Reached XP level 2. HP: 8/21 MP: 4/4
   960 | D:2      | Noticed Jessica
   963 | D:2      | Killed Jessica
   963 | D:2      | Gained mutation: You have sharp fingernails. [demonic
                  | ancestry]
   963 | D:2      | Reached XP level 3. HP: 24/26 MP: 4/6
   964 | D:2      | Quit the game

Skill      XL: |  1  2 |
---------------+-------+-----
Throwing       | 2 |  2.5
Dodging        | 2 |  2.5
Spellcasting   | 2 |  2.0
Fighting       | |  1.0
Hexes          | |  3.0

Action                   || total
-------------------------++-------
Melee: Dagger            ||    41
       Unarmed           ||     7
Throw: Javelin           ||    12
Armor: Robe              ||     8
Dodge: Dodged            ||    31
